 Dungeon Crawl Stone Soup version 0.29-a0-521-g59ce8b2d47 (webtiles) character file.

Game seed: 4321949923320772671

200116 Bruhh the Warrior (level 18, -7/174 HPs)
             Began as a Hill Orc Fighter on June 1, 2022.
             Was the Champion of the Shining One.
             Killed from afar by an ironbound thunderhulk (54 damage)
             ... with a bolt of lightning
             ... on level 2 of the Vaults.
             The game lasted 00:57:32 (31127 turns).

Bruhh the Warrior (Hill Orc Fighter)               Turns: 31127, Time: 00:57:33

Health: -7/174     AC: 36    Str: 33    XL:     18   Next: 50%
Magic:  27/31      EV:  7    Int:  8    God:    the Shining One [******]
Gold:   1766       SH: 14    Dex: 10    Spells: 17/17 levels left

rFire   + . .      SeeInvis .   R - +4 broad axe (venom)
rCold   + . .      Faith    .   l - +2 kite shield
rNeg    + + +      Spirit   .   G - +6 gold dragon scales
rPois   +          Reflect  .   (no helmet)
rElec   .          Harm     .   M - +0 cloak
rCorr   .          Rampage  .   m - +0 pair of gloves
Will    +....                   W - +1 pair of boots
Stlth   ..........              w - amulet of regeneration
HPRegen 1.19/turn               F - +6 ring of strength
MPRegen 0.22/turn               O - +4 ring of protection

@: marked, glowing, studying Fighting
A: no striking features
}: 1/15 runes: decaying
a: Renounce Religion, Divine Shield, Cleansing Flame, Summon Divine Warrior,
Brand Weapon With Holy Wrath


You were on level 2 of the Vaults.
You worshipped the Shining One.
The Shining One was exalted by your worship.
You visited 6 branches of the dungeon, and saw 29 of its levels.
You also visited: Sewer and Ossuary.

You collected 2996 gold pieces.
You spent 1230 gold pieces at shops.

Inventory:

Hand Weapons
 R - a +4 broad axe of venom (weapon)
Missiles
 v - 26 poisoned darts (quivered)
 T - 3 throwing nets
Armour
 l - a +2 kite shield (worn)
 m - a +0 pair of gloves (worn)
 G - +6 gold dragon scales (worn)
 M - a +0 cloak (worn)
 W - a +1 pair of boots (worn)
Jewellery
 u - a ring of magical power
 w - an amulet of regeneration (around neck)
 F - a +6 ring of strength (left hand)
 I - an amulet of reflection
 O - a +4 ring of protection (right hand)
Wands
 a - a wand of iceblast (5)
 y - a wand of paralysis (6)
 z - a wand of mindburst (14)
 B - a wand of charming (4)
 L - a wand of digging (9)
 N - a wand of flame (54)
 Q - a wand of polymorph (18)
Scrolls
 b - 2 scrolls of silence
 c - a scroll of poison
 i - a scroll of magic mapping
 j - 7 scrolls of immolation
 k - a scroll of enchant weapon
 o - 7 scrolls of amnesia
 p - 6 scrolls of teleportation
 r - 5 scrolls of fear
 s - 5 scrolls of blinking
 t - 5 scrolls of identify
 E - 3 scrolls of vulnerability
 P - a scroll of fog
Potions
 f - 6 potions of attraction
 h - 2 potions of curing
 q - 10 potions of brilliance
 x - 4 potions of lignification
 A - 4 potions of ambrosia
 C - 2 potions of resistance
 J - 3 potions of haste
 K - 3 potions of flight
 S - 8 potions of mutation
Miscellaneous
 d - a phial of floods
 e - a lightning rod (4/4)
 g - a tin of tremorstones (2/2)
 n - a phantom mirror
 D - a lightning rod (4/4)
 X - a box of beasts


   Skills:
 + Level 18.8 Fighting
 - Level 18.0 Axes
 - Level 15.0 Armour
 - Level 2.5 Dodging
 - Level 15.0 Shields
 - Level 18.0 Invocations
 - Level 12.0 Evocations


You had 17 spell levels left.
You didn't know any spells.
Your spell library contained the following spells:

 Spells                   Type           Power      Damage    Failure   Level
 Apportation              Tloc           0%         N/A       100%        1
 Beastly Appendage        Tmut           0%         N/A       100%        1
 Foxfire                  Conj/Fire      0%         2x1d4     100%        1
 Freeze                   Ice            0%         1d3       100%        1
 Slow                     Hex            0%         N/A       100%        1
 Sting                    Tmut/Pois      0%         1d3       100%        1
 Summon Small Mammal      Summ           0%         N/A       100%        1
 Static Discharge         Conj/Air       0%         N/A       100%        2
 Wereblood                Tmut           0%         N/A       100%        2
 Call Canine Familiar     Summ           0%         N/A       100%        3
 Confusing Touch          Hex            0%         N/A       100%        3
 Conjure Flame            Conj/Fire      0%         6-21      100%        3
 Frozen Ramparts          Ice            0%         1d2       100%        3
 Ignite Poison            Fire/Tmut/Pois 0%         N/A       100%        3
 Inner Flame              Hex/Fire       0%         N/A       100%        3
 Mephitic Cloud           Conj/Pois/Air  0%         N/A       100%        3
 Spider Form              Tmut/Pois      0%         N/A       100%        3
 Summon Guardian Golem    Hex/Summ       0%         N/A       100%        3
 Tukima's Dance           Hex            0%         N/A       100%        3
 Vampiric Draining        Necr           0%         2d6       100%        3
 Airstrike                Air            0%         N/A       100%        4
 Corpse Rot               Necr/Pois/Air  0%         N/A       100%        4
 Dispel Undead            Necr           0%         3d6       100%        4
 Flame Wave               Conj/Fire      0%         2d4       100%        4
 Hailstorm                Conj/Ice       0%         3d3       100%        4
 Passage of Golubria      Tloc           0%         N/A       100%        4
 Summon Lightning Spire   Summ/Air       0%         N/A       100%        4
 Alistair's Intoxication  Tmut/Pois      0%         N/A       100%        5
 Freezing Cloud           Conj/Ice/Air   0%         6-21      100%        5
 Lightning Bolt           Conj/Air       0%         1d11      100%        5
 Yara's Violent Unravell  Hex/Tmut       0%         3d3       100%        5
 Death Channel            Necr           0%         N/A       100%        6
 Orb of Destruction       Conj           0%         9d5       100%        7
 Spellforged Servitor     Conj/Summ      0%         N/A       100%        7
 Maxwell's Capacitive Co  Air            0%         ∞         100%        8


Dungeon Overview and Level Annotations

Branches:
Dungeon (14/15)            Temple (1/1) D:6            Lair (6/6) D:11
  Swamp (4/4) Lair:4       Spider (0/4) Lair:3        Slime (0/5) Lair:5
    Orc (2/2) D:10            Elf (0/3) Orc:2        Vaults (2/5) D:13
  Sewer (visited)         Ossuary (visited)
  Crypt: Vaults:2-3

Altars:
Ashenzari
Cheibriados
Dithmenos
Elyvilon
Fedhas
Gozag
Hepliaklqana
Kikubaaqudgha
Makhleb
Nemelex Xobeh
Okawaru
Qazlal
Ru
Sif Muna
Trog
Uskayaw
Vehumet
Wu Jian
Xom
Yredelemnul
Zin
The Shining One
Beogh
Jiyva

Shops:
D:4 (   Orc:1 [   Orc:2 [*:*   Vaults:1 ?

Portals:
Pandemonium: Orc:2

Annotations:
D:14 exclusion: statue
Lair:3 2 exclusions
Lair:4 2 transporters, exclusion: oklob plant, Jagheyni's ghost, journeyman DjCA
Swamp:2 2 transporters


Message History

Training target 12.0 for Evocations reached!
Your Evocations skill increases to level 12!
You slash the yaktaur captain!
The yaktaur captain is poisoned.
The yaktaur captain is heavily wounded.
You slice the ironbound thunderhulk!! You barely miss the vault sentinel.
The vault sentinel blows a loud note on a signal horn!
You slash the yaktaur captain!
The yaktaur captain looks as sick as possible!
The yaktaur captain is severely wounded.
You barely miss the vault sentinel. You slash the ironbound thunderhulk!
The ironbound thunderhulk looks as sick as possible!
You block the yaktaur captain's attack.
Strange energies crackle from the ironbound thunderhulk's apparatus.
The ironbound thunderhulk blinks!
You slice the yaktaur captain!!
The yaktaur captain looks as sick as possible!
The yaktaur captain is almost dead.
You hit the vault sentinel but do no damage.
The vault sentinel looks as sick as possible!
You block the vault sentinel's attack. You block the yaktaur captain's attack.
You slice the yaktaur captain!!
You kill the yaktaur captain!
You barely miss the vault sentinel. You block the vault sentinel's attack.
Electricity crackles from the ironbound thunderhulk's apparatus.
The bolt of lightning hits you!!
* * * LOW HITPOINT WARNING * * *
You hit the vault sentinel.
The vault sentinel is moderately wounded.
The vault sentinel points at you and mumbles some strange words.
The mark upon you grows brighter.
Unknown command.
You hit the vault sentinel.
The vault sentinel looks as sick as possible!
The vault sentinel is heavily wounded.
The vault sentinel blows a loud note on a signal horn!
You slice the vault sentinel!!
You kill the vault sentinel!
Electricity crackles from the ironbound thunderhulk's apparatus.
The bolt of lightning hits you!!!
You die...

#...
##...##...#
#....
##..#..<.#
#....
##......#
#....
##.....#
#....
##....#
###'#######
#..........
#..........
#.†@.......
#.)).......
#...?..O...
#..........
#..........
###########


You could see an ironbound thunderhulk (extremely poisoned).

Vanquished Creatures
  Nikola (D:14)
  Jorgrun (D:13)
  A sphinx (D:11)
  Gastronok (D:11)
  A thorn hunter (Swamp:3)
  2 fenstrider witches
  Aizul (Vaults:1)
  A vault warden (Vaults:2)
  An orc warlord (Orc:1)
  A stone giant (Vaults:1)
  7 ironbound preservers
  2 war gargoyles
  An ironbound thunderhulk (Vaults:2)
  2 eleionomae
  3 dire elephants (Vaults:1)
  4 bunyips
  4 great orbs of eyes
  6 yaktaur captains
  8 boulder beetles
  8 vault guards
  13 hydras
  3 ogre magi
  A salamander tyrant (D:14)
  Erolcha (D:10)
  7 centaur warriors
  6 ironbound frosthearts
  4 two-headed ogres
  A ghost crab (Swamp:3)
  7 alligators
  A tengu warrior (D:11)
  A deep troll earth mage (D:11)
  An orc high priest (Orc:2)
  5 death yaks (Lair:6)
  A sun demon (Orc:2)
  A deep elf knight (D:11)
  8 spriggans
  A skeletal warrior (D:9)
  Lodul (D:12)
  21 deep trolls
  3 bog bodies
  3 flayed ghosts (D:11)
  A goliath frog (Swamp:1)
  A spriggan druid (Swamp:4)
  8 swamp dragons
  5 harpies
  8 ironbound convokers
  6 wizards
  A necromancer (Vaults:1)
  2 orc knights (Orc:2)
  6 lindwurms
  6 deep elf pyromancers
  Pikel (D:9)
  7 ugly things
  2 orc sorcerers
  3 will-o-the-wisps
  A manticore (D:14)
  3 cyclopes
  3 black mambas
  17 elephants
  Joseph (D:9)
  A rust devil (Orc:2)
  8 vault sentinels
  A black mamba (shapeshifter) (D:11)
  2 gargoyles
  A torpor snail (Lair:3)
  5 cane toads
  4 rime drakes
  Psyche (D:8)
  Maggie (D:8)
  12 yaktaurs
  5 komodo dragons
  11 tengu conjurers
  A red devil (Orc:2)
  7 tyrant leeches
  4 meliai
  3 trolls
  6 polar bears
  9 hornets
  9 slime creatures
  6 dream sheep
  A vampire (D:9)
  6 humans (D:13)
  4 basilisks
  A shadow (D:12)
  A wraith (D:12)
  38 yaks
  5 wyverns
  Grum (D:9)
  A warg (Orc:1)
  17 vampire mosquitoes
  14 swamp worms
  An acid dragon (D:13)
  12 water moccasins
  5 swamp drakes (Swamp:4)
  26 orc warriors
  4 black bears
  A sky beast (D:7)
  10 ogres
  8 wolves
  10 centaurs
  3 lemures (D:9)
  2 kobold brigands
  A phantom (D:5)
  A gnoll sergeant (D:10)
  16 bullfrogs
  2 scorpions
  18 wights
  5 killer bees (D:10)
  2 vampire bats (D:3)
  3 howler monkeys (D:10)
  2 electric eels
  A jelly (D:8)
  Crazy Yiuf (D:7)
  2 gnoll shamans
  21 orc priests
  Ijyb (D:5)
  7 orc wizards
  3 iguanas
  12 mummies (Ossuary)
  8 adders
  12 gnolls
  2 shadow imps (D:7)
  A white imp (D:7)
  2 ufetubi
  A worm (D:2)
  2 dart slugs (D:3)
  47 orcs
  3 bat skeletons (D:3)
  3 bat zombies (D:3)
  16 endoplasms
  11 giant cockroaches
  4 goblins
  5 hobgoblins
  3 jackals (D:5)
  20 kobolds
  13 quokkas
  19 ball pythons
  8 bats
  16 frilled lizards
  4 gnoll skeletons (Ossuary)
  A goblin skeleton (Ossuary)
  2 kobold skeletons (Ossuary)
  An orc skeleton (Ossuary)
  6 rats
  11 rat skeletons (Ossuary)
  A toadstool (Swamp:3)
816 creatures vanquished.

Vanquished Creatures (collateral kills)
  A vault warden (Vaults:1)
  An ironbound thunderhulk (Vaults:1)
  An ettin (Vaults:1)
  3 shambling mangroves
  2 vault guards (Vaults:1)
  A rakshasa (D:9)
  13 hydras
  A demonspawn (Orc:2)
  A catoblepas (Lair:6)
  A deep troll shaman (Lair:6)
  2 orc high priests (Orc:2)
  A spriggan druid (Swamp:4)
  4 swamp dragons (Swamp:4)
  A wizard (D:14)
  2 orc knights (Orc:2)
  A deep elf pyromancer (D:14)
  2 deep elf zephyrmancers (D:14)
  7 orc sorcerers (Orc:2)
  A vault sentinel (Vaults:1)
  2 orange demons (Orc:2)
  A red devil (Orc:2)
  A polar bear (Lair:1)
  2 hornets
  A tyrant leech (Swamp:2)
  A spriggan (Swamp:2)
  2 swamp worms
  2 orc warriors (Orc:2)
  4 swamp drakes
  2 orc priests (Orc:2)
64 creatures vanquished.

Vanquished Creatures (others)
  A bloated husk (Swamp:3)
  A human (D:13)
  An orc priest (Orc:2)
  14 foxfires
  21 fungi
  47 plants
  9 toadstools (Swamp:3)
94 creatures vanquished.

Grand Total: 974 creatures vanquished

Notes
Turn   | Place    | Note
-------+----------+-------------------------------------------
     0 | D:1      | Bruhh the Hill Orc Fighter began the quest for the Orb.
     0 | D:1      | Reached XP level 1. HP: 19/19 MP: 1/1
   171 | D:1      | Reached XP level 2. HP: 24/27 MP: 2/2
   381 | D:1      | Reached XP level 3. HP: 33/34 MP: 3/3
  1359 | D:2      | Found a faded altar of an unknown god.
  1368 | D:2      | Got Plato's Collected Works on the Arsonist
  1698 | D:3      | Found an ancient bone altar of Kikubaaqudgha.
  1700 | D:3      | Reached XP level 4. HP: 41/41 MP: 4/4
  1728 | D:3      | Reached skill level 5 in Fighting
  1743 | D:3      | Reached skill level 5 in Axes
  1743 | D:3      | Reached XP level 5. HP: 38/48 MP: 5/5
  2134 | D:3      | Found a radiant altar of Vehumet.
  2241 | D:3      | Found a sacrificial altar of Ru.
  2535 | D:4      | Found Wiahoxoe's Antique Weapon Emporium.
  2621 | D:4      | Found a glowing drain.
  2635 | Sewer    | Entered a sewer
  2732 | Sewer    | Reached XP level 6. HP: 40/57 MP: 6/6
  3603 | D:4      | Found an iron altar of Okawaru.
  3649 | D:4      | Found a shadowy altar of Dithmenos.
  3663 | D:4      | Reached XP level 7. HP: 63/66 MP: 7/7
  4028 | D:5      | Entered Level 5 of the Dungeon
  4737 | D:5      | Noticed Ijyb
  4755 | D:5      | Killed Ijyb
  5074 | D:5      | Reached XP level 8. HP: 67/75 MP: 8/8
  5803 | D:6      | Found a hazy altar of Hepliaklqana.
  5896 | D:6      | Found a staircase to the Ecumenical Temple.
  5920 | Temple   | Entered the Ecumenical Temple
  6049 | Temple   | Became a worshipper of the Shining One
  6225 | D:6      | Noticed a wyvern
  6240 | D:6      | Killed a wyvern
  6241 | D:6      | Reached skill level 10 in Axes
  6303 | D:6      | Reached skill level 10 in Fighting
  6429 | D:6      | Reached XP level 9. HP: 85/85 MP: 9/9
  6581 | D:7      | Found a sand-covered staircase.
  6586 | Ossuary  | Entered an ossuary
  6650 | Ossuary  | Reached * piety under the Shining One
  6742 | Ossuary  | Reached ** piety under the Shining One
  7046 | D:7      | Reached *** piety under the Shining One
  7334 | D:7      | Found a runed translucent door.
  7335 | D:7      | Noticed Crazy Yiuf
  7584 | D:7      | Killed Crazy Yiuf
  7652 | D:8      | Noticed Psyche
  7662 | D:8      | Killed Psyche
  7718 | D:8      | Noticed Maggie
  7749 | D:8      | Killed Maggie
  7750 | D:8      | Reached XP level 10. HP: 42/97 MP: 13/13
  7840 | D:8      | Reached skill level 5 in Invocations
  7845 | D:8      | Reached skill level 1 in Evocations
  8042 | D:8      | Noticed a two-headed ogre
  8972 | D:8      | Killed a two-headed ogre
  9168 | D:8      | Noticed a centaur warrior
  9170 | D:8      | Noticed a centaur warrior
  9185 | D:8      | Killed a centaur warrior
  9191 | D:8      | Killed a centaur warrior
  9192 | D:8      | Reached skill level 5 in Evocations
  9280 | D:8      | Noticed a two-headed ogre
  9286 | D:8      | Killed a two-headed ogre
  9287 | D:8      | Reached XP level 11. HP: 89/104 MP: 16/18
  9571 | D:9      | Reached skill level 10 in Invocations
  9595 | D:9      | Reached **** piety under the Shining One
  9598 | D:9      | Noticed Grum
  9776 | D:9      | Noticed Pikel
  9805 | D:9      | Killed Pikel
 10161 | D:9      | Found a blossoming altar of Fedhas.
 10179 | D:9      | Noticed Joseph
 10194 | D:9      | Killed Joseph
 10287 | D:9      | Noticed a four-headed hydra
 10374 | D:9      | Killed Grum
 10475 | D:9      | Noticed a rakshasa
 10478 | D:9      | Noticed a white ugly thing
 10479 | D:9      | Noticed a skeletal warrior
 10683 | D:10     | Entered Level 10 of the Dungeon
 11073 | D:10     | Found a staircase to the Orcish Mines.
 11162 | D:10     | Noticed Erolcha
 11167 | D:10     | Killed Erolcha
 11712 | D:11     | Noticed an ogre mage
 11713 | D:11     | Noticed a five-headed hydra
 11923 | D:9      | Identified the amulet of Rupuah {Acrobat rN+ Dex-5 Slay+3}
 12006 | D:9      | Killed a skeletal warrior
 12007 | D:9      | Reached skill level 5 in Armour
 12012 | D:9      | Killed a four-headed hydra
 12090 | D:9      | Killed a white ugly thing
 12131 | D:9      | Noticed a harpy
 12134 | D:9      | Noticed a deep elf pyromancer
 12136 | D:9      | Killed a harpy
 12137 | D:9      | Reached XP level 12. HP: 94/112 MP: 21/21
 12239 | D:9      | Noticed a four-headed hydra
 12239 | D:9      | Noticed a boulder beetle
 12243 | D:9      | Killed a four-headed hydra
 12252 | D:9      | Killed a boulder beetle
 12258 | D:9      | Identified the ring "Ciejorok" {Ice *Corrode Dex+8}
 12262 | D:9      | Identified the +5 long sword of Ascent {flame, Dex+5}
 12360 | D:9      | Killed a rakshasa
 12455 | D:11     | Killed a six-headed hydra
 12456 | D:11     | Reached skill level 10 in Armour
 12466 | D:11     | Killed an ogre mage
 12524 | D:11     | Found a staircase to the Lair.
 12560 | D:11     | Noticed Gastronok
 12572 | D:11     | Killed Gastronok
 12665 | D:11     | Noticed a two-headed ogre
 12668 | D:11     | Noticed a four-headed hydra
 12670 | D:11     | Killed a two-headed ogre
 12671 | D:11     | Noticed a boulder beetle
 12689 | D:11     | Killed a four-headed hydra
 12720 | D:11     | Killed a boulder beetle
 13112 | D:11     | Noticed a tengu warrior
 13115 | D:11     | Noticed a boulder beetle
 13119 | D:11     | Killed a tengu warrior
 13165 | D:11     | Killed a boulder beetle
 13246 | D:11     | Noticed a centaur warrior
 13251 | D:11     | Noticed a sphinx
 13275 | Lair:1   | Entered Level 1 of the Lair of Beasts
 13314 | Lair:1   | Noticed a four-headed hydra
 13318 | Lair:1   | Killed a four-headed hydra
 13319 | Lair:1   | Reached XP level 13. HP: 103/119 MP: 22/22
 15707 | Lair:3   | Reached skill level 5 in Shields
 16093 | Lair:3   | Found a hole to the Spider Nest.
 16811 | Lair:4   | Found a staircase to the Swamp.
 16884 | Lair:4   | Found a transporter.
 17011 | Lair:4   | Noticed Jagheyni's ghost (journeyman DjCA)
 17012 | Lair:4   | Found a transporter.
 17063 | Lair:4   | Reached skill level 15 in Fighting
 17649 | Lair:5   | Found a staircase to the Slime Pits.
 17649 | Lair:5   | Found a viscous altar of Jiyva.
 17668 | Lair:5   | Reached ***** piety under the Shining One
 17946 | Lair:5   | Reached XP level 14. HP: 110/135 MP: 23/23
 18159 | Lair:5   | Reached skill level 10 in Shields
 18702 | Lair:6   | Entered Level 6 of the Lair of Beasts
 19509 | Lair:6   | Found an iron altar of Okawaru.
 19694 | Lair:6   | Reached skill level 15 in Invocations
 19956 | Lair:6   | Reached skill level 1 in Dodging
 20532 | Orc:1    | Entered Level 1 of the Orcish Mines
 20565 | Orc:1    | Found Counwe's Antique Armour Shop.
 20644 | Orc:1    | Found a roughly hewn altar of Beogh.
 20905 | Orc:2    | Entered Level 2 of the Orcish Mines
 21018 | Orc:2    | Noticed an orc warlord
 21046 | Orc:1    | Killed an orc warlord
 21168 | Orc:2    | Found a roughly hewn altar of Beogh.
 21199 | Orc:2    | Found a staircase to the Elven Halls.
 21265 | Orc:2    | Found Fasabuir's General Store.
 21267 | Orc:2    | Found Voetio Goaza's General Store.
 21464 | Orc:2    | Reached skill level 15 in Axes
 21736 | Orc:2    | Reached ****** piety under the Shining One
 21788 | Orc:2    | Bought a tin of tremorstones (2/2) for 480 gold pieces
 21794 | Orc:2    | Bought a potion of heal wounds for 80 gold pieces
 21794 | Orc:2    | Bought a potion of resistance for 160 gold pieces
 21794 | Orc:2    | Bought a potion of heal wounds for 80 gold pieces
 21819 | Orc:2    | Reached XP level 15. HP: 141/141 MP: 26/26
 21841 | Orc:2    | Found Zoet's Book Shoppe.
 21841 | Orc:2    | Found Aghegene's Antique Armour Emporium.
 21841 | Orc:2    | Found a one-way gate leading to the halls of Pandemonium.
 22368 | D:11     | Killed a sphinx
 22850 | D:12     | Identified the +1 ring mail of Voorrim {rElec}
 23026 | D:12     | Noticed Lodul
 23040 | D:12     | Killed Lodul
 23223 | Swamp:1  | Entered Level 1 of the Swamp
 23330 | Swamp:1  | Noticed a fenstrider witch
 23345 | Swamp:1  | Killed a fenstrider witch
 23703 | Swamp:1  | Got the Compendium of Shape Shifting
 24011 | Swamp:2  | Found a transporter.
 24164 | Swamp:2  | Found a transporter.
 24363 | Swamp:2  | Identified the +5 flail of Sloth {venom, rPois rF+ rCorr
                  | Str+8}
 24385 | Swamp:3  | Reached skill level 15 in Armour
 24409 | Swamp:3  | Noticed a thorn hunter
 24433 | Swamp:3  | Reached XP level 16. HP: 108/149 MP: 27/27
 24436 | Swamp:3  | Killed a thorn hunter
 24831 | Swamp:3  | Noticed a fenstrider witch
 24833 | Swamp:3  | Paralysed by a fenstrider witch for 4 turns
 24840 | Swamp:3  | Killed a fenstrider witch
 24849 | Swamp:3  | The Shining One protects you from harm!
 24969 | Swamp:3  | Found a blossoming altar of Fedhas.
 25388 | Swamp:4  | Entered Level 4 of the Swamp
 26170 | Swamp:4  | Got a decaying rune of Zot
 26758 | D:13     | Found a gate to the Vaults.
 27410 | D:13     | Noticed Jorgrun
 27428 | D:13     | Killed Jorgrun
 27429 | D:13     | Reached XP level 17. HP: 149/162 MP: 28/28
 28206 | D:14     | Found a radiant altar of Vehumet.
 28206 | D:14     | Noticed Nikola
 28223 | D:14     | Killed Nikola
 28687 | Vaults:1 | Entered Level 1 of the Vaults
 28779 | Vaults:1 | Reached skill level 15 in Shields
 28904 | Vaults:1 | Noticed Aizul
 28937 | Vaults:1 | Killed Aizul
 29083 | Vaults:1 | Identified a scroll of acquirement
 29083 | Vaults:1 | Acquired a manual of Fighting
 29511 | Vaults:1 | Paralysed by a great orb of eyes for 4 turns
 29537 | Vaults:1 | Reached skill level 10 in Evocations
 29750 | Vaults:1 | Found Qeanwouc's Magic Scroll Shop.
 29761 | Vaults:1 | Bought a scroll of fear for 70 gold pieces
 29761 | Vaults:1 | Bought a scroll of teleportation for 60 gold pieces
 29761 | Vaults:1 | Bought a scroll of blinking for 150 gold pieces
 29761 | Vaults:1 | Bought a scroll of enchant weapon for 150 gold pieces
 29834 | Vaults:1 | Reached XP level 18. HP: 157/172 MP: 30/30
 31127 | Vaults:2 | Killed from afar by an ironbound thunderhulk

Illustrated notes

Levels and vault maps discovered:
D:1:      lightli_arrival_flooded_house, layout_rooms, minmay_cut_off
D:2:      kennysheep_six_static_rooms, layout_basic,
          shapermc_ecumenical_altar_rom_forum
D:3:      layout_rooms, lemuel_crystal_altar, mainiacjoe_overflow_alcove_2,
          kennysheep_vampire_church, corexii_corridor_pit
D:4:      layout_rooms, mainiacjoe_overflow_large_starburst, serial_shops, shop,
          portal_sewer_entry_f, hangedman_decor_growths
D:5:      layout_basic, uniq_ijyb
D:6:      layout_loops_ring, mainiacjoe_overflow_brackets,
          minmay_temple_entry_statues_pillars
D:7:      layout_loops_ring, enter_ossuary_2, hangedman_decor_points,
          uniq_crazy_yiuf_cottage
D:8:      nzn_winding_woodlands_medium [nzn_winding_woodlands_5x5_closed_star,
          nzn_winding_woodlands_5x15_eye,
          nzn_winding_woodlands_5x5_checkerboard,
          nzn_winding_woodlands_5x5_default,
          nzn_winding_woodlands_center_diamonds,
          nzn_winding_woodlands_5x5_open_star, nzn_winding_woodlands_5x5_three,
          nzn_winding_woodlands_5x15_pockets, nzn_winding_woodlands_hourglass],
          layout_basic, uniq_maggie, uniq_psyche
D:9:      minmay_sliced_demisemicircle, layout_rooms,
          fedhas_bush_and_centaur_altar, nicolae_benzene_ring, uniq_grum,
          uniq_joseph, uniq_pikel
D:10:     layout_loops_corners, orc_0_dummy, kennysheep_boxes, uniq_erolcha
D:11:     minmay_tearing_corner, layout_basic, david_lair_shrubbed,
          uniq_gastronok
D:12:     layout_rooms, nicolae_twisting_strands, uniq_lodul
D:13:     layout_stronghold, ximxim_vaults_locker_room, uniq_jorgrun
D:14:     evilmike_halls_of_destruction, layout_irregular_city,
          hellmonk_bongcloud_opening
Temple:   regret_index_temple_waves
Lair:1:   layout_layer_cave
Lair:2:   hellmonk_destroyed_diamonds, layout_cave_pods, grunt_megastairs_5,
          serial_bayou_shore_a, lemuel_fruit_tree, infiniplex_staircase_pool_2
Lair:3:   layout_cave_pods, nicolae_spider_entry_orb_guardian
Lair:4:   layout_regular_city, minmay_swamp_entry_wisps, gammafunk_ghost_arena,
          minmay_lair_oklob_bushes, chequers_serial_rivers_micro_e,
          serial_bayou_shore_b
Lair:5:   layout_long_grid, slime_altar_1, minivault_24,
          gammafunk_lair_bear_cave
Lair:6:   grunt_lair_end_beastmaster, layout_regular_city, basic_altar,
          serial_bayou_pond_d, worms_lemuel
Swamp:1:  layout_basic_swamp, nicolae_swamp_long_stream
Swamp:2:  gammafunk_worm_tunnel, layout_basic_swamp, evilmike_swamp_ruin_wall
Swamp:3:  cheibrodos_swamp_tower_of_moss, layout_basic_swamp,
          nicolae_swamp_godswood, swamp_pool3, ldierk_geyser,
          grunt_lady_of_the_lake
Swamp:4:  swamp, layout_basic_swamp
Orc:1:    layout_caves, serial_shops, shop, david_defended_altar_orc
Orc:2:    pf_orc_diabolical, layout_caves, basic_altar
Vaults:1: vaults_mumra_hexcomb, vaults_room_guarded_vault,
          vaults_room_semicircle, vaults_dpeg_encased_lava,
          ontoclasm_vaults_chip, vaults_dpeg_hooks, vaults_room_pools,
          ontoclasm_vaults_decontamination, layout_vaults_omnigrid,
          serial_shops, nicolae_lakefront_shop, uniq_aizul
Vaults:2: v_alt_pattern_3, vaults_standard_mumra_lines,
          nicolae_vaults_what_the_h, nicolae_vaults_little_squares_1,
          vaults_room_octagon, nicolae_vaults_big_ls,
          vaults_room_stairs_pillars, ontoclasm_vaults_idyll, v_pattern_5,
          vaults_mumra_minichess, layout_vaults_big_cross

Skill      XL: |  1  2  3  4  5  6  7  8  9 10 11 12 13 14 15 16 17 18 |
---------------+-------------------------------------------------------+-----
Axes           | 3 4 5 7 8 10 12 14 15 18 | 18.0
Fighting       | 4 5 6 7 8 10 12 15 17 18 | 18.8
Invocations    | 4 9 12 15 16 18 | 18.0
Evocations     | 6 8 10 12 | 12.0
Armour         | 7 11 12 15 | 15.0
Shields        | 9 10 13 15 | 15.0
Dodging        | 2 |  2.5

Action                   |  1- 3 |  4- 6 |  7- 9 | 10-12 | 13-15 | 16-18 || total
-------------------------+-------+-------+-------+-------+-------+-------++-------
Melee: War axe           |    99 |   245 |   147 |       |       |       ||   491
       Hand axe          |       |       |   189 |   394 |   498 |       ||  1081
       Unarmed           |       |       |       |     6 |       |       ||     6
       Broad axe         |       |       |       |       |   475 |   797 ||  1272
Throw: Throwing net      |       |       |       |     1 |       |       ||     1
Invok: Cleansing Flame   |       |       |       |     2 |     3 |     9 ||    14
       Summon Divine War |       |       |       |       |     2 |     5 ||     7
       Divine Shield     |       |       |       |       |     2 |     1 ||     3
Evoke: Wand              |       |       |     1 |    21 |       |     7 ||    29
       Phial of floods   |       |       |     1 |     2 |     1 |     4 ||     8
       Lightning rod     |       |       |       |     9 |     7 |     6 ||    22
       Box of beasts     |       |       |       |     1 |     3 |     2 ||     6
       Phantom mirror    |       |       |       |       |     2 |     1 ||     3
       Tin of tremorston |       |       |       |       |     2 |     6 ||     8
  Use: Scroll            |       |     5 |     3 |     8 |    20 |     9 ||    45
       Potion            |       |     1 |     3 |    13 |     3 |     8 ||    28
Armor: Scale mail        |    58 |   136 |       |       |       |       ||   194
       Plate armour      |       |       |   151 |   217 |   237 |       ||   605
       Gold dragon scale |       |       |       |       |   354 |   740 ||  1094
Dodge: Dodged            |    46 |   122 |    65 |   117 |   212 |   231 ||   793
Block: Buckler           |    17 |    78 |    54 |    67 |   203 |    90 ||   509
       Kite shield       |       |       |       |       |       |   362 ||   362

Table legend: (Time is in decaauts)
 A = Elapsed time spent in this place.
 B = Non-inter-level travel time spent in this place.
 C = Inter-level travel time spent in this place.
 D = Time resting spent in this place.
 E = Time spent auto-exploring this place.
 F = Levels seen in this place.
 G = Mean time per level.
                   A        B        C        D        E       F      G
               +--------+--------+--------+--------+--------+-----+--------+
         Total |  31016 |  29278 |   1738 |   1815 |  21714 |  31 | 1000.5 |
       Dungeon |  15281 |  14339 |    942 |   1095 |  10573 |  14 | 1091.5 |
        Temple |    148 |    114 |     34 |      0 |    101 |   1 |  148.0 |
          Lair |   7203 |   6707 |    496 |    372 |   5402 |   6 | 1200.5 |
         Swamp |   3290 |   3150 |    140 |     27 |   2384 |   4 |  822.5 |
  Orcish Mines |   1438 |   1335 |    103 |     58 |    876 |   2 |  719.0 |
        Vaults |   2360 |   2338 |     22 |      0 |   1786 |   2 | 1180.0 |
         Sewer |    962 |    962 |      0 |    263 |    403 |   1 |  962.0 |
       Ossuary |    330 |    330 |      0 |      0 |    187 |   1 |  330.0 |
               +--------+--------+--------+--------+--------+-----+--------+

Top non-repeatable levels by time:
     D:8: 2016 daAuts
Vaults:1: 1588 daAuts
     D:5: 1432 daAuts
  Lair:1: 1421 daAuts
    D:11: 1384 daAuts
     D:7: 1318 daAuts
  Lair:6: 1294 daAuts
  Lair:5: 1279 daAuts
    D:13: 1127 daAuts
    D:10: 1113 daAuts
  Lair:4: 1107 daAuts
     D:9: 1081 daAuts
  Lair:3: 1074 daAuts
 Swamp:3: 1051 daAuts
    D:14: 1037 daAuts
